AoeStats
← pelder787

Nomad

508023773Analyzed
4v4 RM · 12d ago on Sep 20, 2026· 79m 47s· 8 players
Game mode
Random Map
Map size
231×231
Population
200
Speed
Normal
Resources
Standard
Victory
Conquest
Starting age
Dark Age
Ending age
Imperial Age
RankedLock teamsTeams togetherTeam positionsShared explorationLock speedFull tech treeHidden civsTurbo modeCheats
Victory
Defeat
🇺🇸 Italians · United States
1034
+11
🇺🇸 Franks · United States
987
+13
🇺🇸 Aztecs · United States
986
+13
🇺🇸 Goths · United States
773
+22
🇹🇼 Dravidians · Taiwan
1128
-44
🇹🇼 Franks · Taiwan
1087
-20
🇨🇿 Inca · Czechia
906
-14
🇹🇼 Koreans · Taiwan
526
-3
Chillpia
7:30 Loom
15:41 Feudal Age
17:26 Wheelbarrow
17:51 Wheelbarrow
22:41 Castle Age
20:41 Fletching
22:08 Scale Mail Armor
22:48 Double-Bit Axe
22:49 Horse Collar
24:19 Bow Saw
24:46 Bow Saw
30:28 Hand Cart
32:59 Heavy Plow
33:35 Town Watch
35:37 Thumb Ring
34:53 Elite Skirmisher
38:19 Imperial Age
36:37 Ballistics
36:20 Padded Archer Armor
35:47 Elite Skirmisher
37:07 Town Patrol
37:36 Masonry
37:24 Bodkin Arrow
37:49 Leather Archer Armor
38:05 Murder Holes
39:38 Crop Rotation
39:11 Bracer
39:15 Andean Sling
41:02 Chemistry
40:25 Conscription
46:25 Ring Archer Armor
45:51 Stone Mining
45:52 Gold Mining
47:46 Hoardings
48:38 Fabric Shields
50:33 Elite Kamayuk
51:32 Forging
51:44 Chain Mail Armor
57:12 Plate Mail Armor
57:18 Iron Casting
:D:D:D:D
3:14 Loom
15:30 Feudal Age
15:58 Double-Bit Axe
16:51 Wheelbarrow
20:30 Castle Age
19:07 Stone Mining
19:08 Gold Mining
21:24 Bow Saw
34:08 Gold Shaft Mining
36:57 Hand Cart
43:14 Imperial Age
41:32 Husbandry
44:57 Cavalier
46:42 Scale Barding Armor
46:47 Forging
48:31 Chain Barding Armor
50:56 Iron Casting
51:22 Plate Barding Armor
65:04 Paladin
暗魔陰蒂
3:39 Loom
16:27 Feudal Age
17:41 Double-Bit Axe
17:38 Horse Collar
18:14 Fishing Lines
20:07 Wheelbarrow
20:49 Gold Mining
25:37 Castle Age
24:13 Wheelbarrow
23:47 Man-at-Arms
24:13 Arson
27:19 Gambesons
29:29 Squires
31:38 Stone Mining
58:48 Stone Shaft Mining
65:45 Hand Cart
LOUIS文
10:05 Loom
16:11 Feudal Age
18:00 Double-Bit Axe
20:05 Horse Collar
21:27 Fletching
25:39 Castle Age
25:43 Crossbowman
28:46 Padded Archer Armor
33:39 Ballistics
35:25 Thumb Ring
37:19 Wheelbarrow
41:27 Scale Barding Armor
41:39 Leather Archer Armor
41:20 Bodkin Arrow
45:07 Imperial Age
45:59 Bracer
47:03 Medical Corps
48:55 Elite Elephant Archer
49:59 Conscription
51:30 Ring Archer Armor
51:21 Chain Barding Armor
50:55 Elite Skirmisher
56:42 Chemistry
59:03 Masonry
58:55 Gold Mining
58:58 Stone Mining
MisterBinks
5:32 Loom
15:04 Feudal Age
20:46 Castle Age
18:36 Double-Bit Axe
21:45 Fishing Lines
23:36 Eagle Warrior
27:32 Gold Mining
27:56 Scale Mail Armor
29:13 Forging
30:42 Iron Casting
32:57 Squires
32:44 Arson
33:52 Wheelbarrow
39:49 Imperial Age
37:36 Gambesons
40:08 Chain Mail Armor
42:45 Elite Eagle Warrior
45:16 Blast Furnace
45:23 Plate Mail Armor
45:37 Gold Shaft Mining
49:29 Elite Jaguar Warrior
50:29 Garland Wars
51:52 Pikeman
53:29 Gillnets
78:43 Conscription
77:53 Sappers
78:24 Atlatl
78:45 Siege Engineers
79:11 Block Printing
79:22 Illumination
79:27 Devotion
79:39 Fervor
79:30 Atonement
lambertjosh32
3:38 Loom
17:08 Feudal Age
18:42 Man-at-Arms
31:09 Forging
35:28 Castle Age
42:17 Double-Bit Axe
52:36 Pikeman
54:04 Wheelbarrow
53:30 Stone Mining
53:54 Bow Saw
54:55 Scale Mail Armor
55:31 Iron Casting
58:37 Anarchy
58:44 Fishing Lines
59:23 Chain Mail Armor
59:29 Hand Cart
61:07 Squires
63:08 Gillnets
66:50 Imperial Age
67:53 Perfusion
73:16 Elite Huskarl
76:24 Blast Furnace
Barko
5:10 Loom
12:30 Feudal Age
14:35 Town Watch
19:56 Castle Age
18:50 Gold Mining
20:17 Wheelbarrow
20:14 Fishing Lines
20:48 Medium Warships
21:57 Fletching
22:15 Fishing Lines
24:38 Bodkin Arrow
25:51 Gillnets
25:51 Crossbowman
36:32 Imperial Age
35:53 Thumb Ring
36:31 Padded Archer Armor
38:15 Chemistry
39:35 Conscription
40:33 Bracer
42:02 Leather Archer Armor
42:40 Arbalester
49:09 Ballistics
50:35 Elite Skirmisher
51:03 Elite Genoese Crossbowman
53:08 Double-Bit Axe
56:59 Masonry
56:31 Treadmill Crane
56:37 Arrowslits
58:29 Ring Archer Armor
60:07 Pirotechnia
65:09 Elite Cannon Galleon
68:38 Scale Mail Armor
68:49 Forging
69:16 Architecture
69:07 Bombard Tower
69:11 Bow Saw
68:42 Horse Collar
68:54 Stone Mining
70:50 Chain Mail Armor
71:11 Iron Casting
70:42 Scale Barding Armor
70:33 Heated Shot
70:34 Guard Tower
70:54 Fortified Wall
70:50 Siphons
70:56 Clinker Construction
70:57 Careening
72:21 Heavy Warships
73:03 Shipwright
73:17 Plate Mail Armor
75:52 Hoardings
75:37 Silk Road
77:27 Hand Cart
77:12 Town Patrol
78:27 Dry Dock
78:29 Carvel Hull
78:22 Incendiaries
78:08 Murder Holes
78:44 Chain Barding Armor
80:21 Blast Furnace
81:14 Two-Man Saw
80:15 Heavy Plow
80:52 Stone Shaft Mining
pelder787
13:28 Loom
17:07 Feudal Age
17:52 Double-Bit Axe
18:11 Gold Mining
22:00 Scale Barding Armor
25:07 Forging
29:55 Castle Age
31:03 Husbandry
31:39 Chain Barding Armor
31:54 Iron Casting
33:13 Elite Skirmisher
37:31 Wheelbarrow
36:42 Town Watch
42:29 Iron Casting
41:55 Scale Mail Armor
45:42 Imperial Age
46:21 Chain Mail Armor
46:22 Cavalier
48:53 Pikeman
49:37 Halberdier
50:55 Plate Mail Armor
51:26 Blast Furnace
52:01 Squires
51:47 Gambesons
57:33 Bow Saw
60:01 Chemistry
62:09 Onager
63:43 Heavy Scorpion
Connection lost

Rejoining the realm…

Still unreachable

The connection could not be restored.

Session expired

The server has moved on; the page needs a fresh start.